Map: 宿怨战场-天梯版

Players

Reynor - Winner!

  • Race: Zerg Zerg

Neeb

  • Race: Protoss Protoss

Event: WESG 2018 Grand Finals

VOD

Have the link to the VOD?

Description

Time

  • Played on: March 13, 2019, 7:57 a.m.
  • Length: 6:54

All games in this series

Show
View Real Time Build Order
Export as new Build Order

Reynor Zerg - Winner!

Build Orders: Hatch First 

Get SALT Encoding   

  12  0:00  Drone  
  13  0:12  Overlord  
  13  0:17  Drone  
  14  0:30  Drone  
  15  0:45  Hatchery  
  15  0:49  Drone  
  15  0:52  Drone  
  15  0:56  Drone  
  17  1:03  Extractor  
  16  1:14  Spawning Pool  
  16  1:17  Drone  
  16  1:21  Drone  
  16  1:24  Drone  
  18  1:32  Drone  
  19  1:44  Drone  
  20  2:01  Queen, Zergling x4  
  20  2:02  Queen  
  20  2:08  Overlord  
  26  2:11  Drone  
  27  2:25  Zergling x2  
  27  2:27  Drone x2  
  30  2:41  Hatchery  
  30  2:44  Drone  
  30  2:45  Drone  
  30  2:49  Drone  
  32  2:54  Overlord  
  32  2:56  Drone  
  33  3:04  Drone x2  
  34  3:10  Drone  
  34  3:11  Overlord  
  34  3:12  Queen  
  37  3:15  Drone x2  
  37  3:17  Drone  
  40  3:23  Lair  
  40  3:26  Drone  
  41  3:28  Drone  
  42  3:34  Roach Warren  
  42  3:36  Drone  
  42  3:38  Drone  
  43  3:44  Drone  
  43  3:46  Drone  
  43  3:48  Drone x3  
  48  3:50  Extractor  
  48  3:51  Drone  
  48  3:52  Extractor  
  48  3:53  Drone  
  48  3:56  Overlord  
  48  4:09  Drone  
  49  4:15  Roach x5  
  49  4:16  Roach  
  61  4:20  Drone  
  61  4:23  Overseer  
  63  4:24  Drone x4  
  63  4:28  Overlord  
  65  4:32  Overlord  
  65  4:35  Drone  
  65  4:37  Glial Reconstitution  
  66  4:40  Spore Crawler  
  66  4:42  Drone  
  65  4:47  Roach x3  
  71  4:54  Roach x3  
  71  4:59  Roach x2  
  81  5:02  Overlord  
  81  5:04  Drone  
  82  5:08  Overlord  
  82  5:16  Overlord  
  78  5:22  Roach x6  
  78  5:27  Roach x2  
  92  5:29  Drone x2  
  92  5:31  Drone x2  
  92  5:33  Evolution Chamber  
  95  5:39  Roach x3  
  95  5:42  Overlord  
  102  5:43  Drone  
  102  5:44  Roach  
  105  5:50  Overlord  
  105  5:55  Drone  
  106  5:57  Extractor  
  106  5:59  Overlord, Evolution Chamber  
  106  6:01  Roach x4  
  112  6:04  Drone x2  
  112  6:10  Ravager x2  
  112  6:11  Roach  
  118  6:12  Overlord  
  118  6:13  Drone x3  
  121  6:19  Roach x3  
  121  6:23  Roach  
  127  6:28  Overlord  
  127  6:29  Roach x2  
  127  6:30  Extractor  
  127  6:31  Drone x2  
Show
View Real Time Build Order
Export as new Build Order

Neeb Protoss 

Build Orders: 1 Gate Expand 

Get SALT Encoding   

  12  0:00  Probe  
  13  0:12  Probe  
  14  0:18  Pylon  
  14  0:24  Probe  
  15  0:32  Probe  
  15  0:40  Probe, Gateway  
  16  0:48  Assimilator  
  17  0:51  Probe  
  18  1:03  Probe  
  19  1:15  Probe  
  20  1:23  Nexus  
  20  1:33  Cybernetics Core  
  20  1:36  Probe  
  21  1:43  Assimilator  
  21  1:48  Probe  
  21  1:53  Pylon  
  22  2:00  Probe  
  23  2:01  Adept  
  23  2:09  Probe  
  23  2:11  Warp Gate  
  26  2:17  Probe  
  26  2:18  Pylon  
  27  2:26  Probe  
  30  2:38  Twilight Council  
  30  2:40  Probe x2  
  32  2:45  Stalker  
  32  2:48  Probe  
  32  2:52  Probe  
  34  3:03  Robotics Facility  
  34  3:04  Probe x2  
  36  3:12  Resonating Glaives  
  36  3:13  Gateway  
  36  3:16  Probe  
  38  3:20  Probe  
  38  3:28  Probe  
  38  3:31  Gateway  
  39  3:35  Probe  
  39  3:39  Gateway  
  40  3:43  Gateway  
  40  3:49  Gateway  
  40  3:51  Probe  
  40  3:52  Probe  
  42  3:56  Assimilator  
  42  4:03  Probe  
  42  4:04  Probe  
  42  4:06  Pylon  
  44  4:15  Adept x2, Probe  
  44  4:17  Probe  
  50  4:27  Probe  
  50  4:29  Probe  
  52  4:31  Adept  
  52  4:36  Adept x3  
  60  4:42  Pylon  
  60  4:43  Adept  
  62  4:47  Pylon  
  62  5:00  Adept x3, Probe x2  
  62  5:04  Immortal  
  62  5:05  Adept x3  
  76  5:23  Probe  
  76  5:27  Pylon  
  75  5:38  Sentry  
  75  5:39  Sentry  
  75  5:40  Probe x2  
  75  5:41  Nexus, Immortal  
  77  5:46  Forge  
  77  5:55  Probe  
  82  5:57  Probe  
  82  6:03  Pylon  
  81  6:07  Probe  
  81  6:10  Probe  
  81  6:11  Sentry x2  
  83  6:20  Probe  
  83  6:22  Probe  
  83  6:24  Assimilator  
  85  6:32  Adept x2  
  94  6:39  Stalker x3  
  93  6:46  Stalker  
Tags
 
Add a new tag
Caveats
  • Supply blocks, unpowered buildings, or Contaminate may cause inaccurate times.
  • Supply counts are checked every 10 seconds.